Map: Lightshade LE

Players

Dream

  • Race: Terran Terran
  • Spawn Location: 11:00

sOs - Winner!

  • Race: Protoss Protoss
  • Spawn Location: 5:00

Event: IEM Katowice 2021

VOD

Have the link to the VOD?

Description

Time

  • Played on: Feb. 21, 2021, 8:09 a.m.
  • Length: 7:41

All games in this series

Show
View Real Time Build Order
Export as new Build Order

Dream Terran 

Build Orders: Reaper Expand 

Get SALT Encoding   

  12  0:00  SCV  
  13  0:12  SCV  
  14  0:17  Supply Depot  
  14  0:24  SCV  
  15  0:39  SCV  
  15  0:40  Barracks  
  16  0:43  Refinery  
  16  0:51  SCV  
  17  1:03  SCV  
  18  1:15  SCV  
  19  1:27  Reaper, Orbital Command  
  20  1:42  Command Center  
  20  1:52  SCV  
  21  1:56  Supply Depot  
  21  1:59  Marine  
  22  2:05  SCV  
  23  2:09  Factory  
  23  2:17  SCV, Marine  
  23  2:22  Bunker  
  25  2:29  SCV  
  26  2:32  Refinery  
  26  2:36  Barracks Reactor  
  26  2:42  SCV  
  26  2:54  SCV, Hellion  
  26  2:56  Orbital Command  
  29  2:59  Starport  
  29  3:06  SCV  
  30  3:13  Marine x2  
  30  3:17  Hellion  
  30  3:18  SCV  
  35  3:21  SCV  
  36  3:30  SCV  
  36  3:34  SCV  
  38  3:35  Supply Depot  
  38  3:38  Hellion  
  38  3:40  Medivac  
  38  3:41  Marine  
  42  3:46  SCV  
  42  3:47  SCV  
  42  3:48  Marine  
  46  3:57  Barracks  
  46  4:00  SCV x2  
  48  4:04  Marine  
  48  4:05  Factory Tech Lab  
  48  4:06  Marine  
  50  4:12  SCV x2  
  50  4:16  Starport Tech Lab  
  51  4:18  Supply Depot  
  51  4:20  Engineering Bay  
  51  4:24  SCV x2  
  51  4:30  Marine x2  
  54  4:37  Siege Tank  
  54  4:41  Raven  
  54  4:43  SCV  
  53  4:49  Marine  
  53  4:50  Marine  
  54  4:57  Terran Infantry Weapons Level 1  
  50  5:06  Marine  
  51  5:07  Marine x2  
  51  5:12  Siege Tank  
  51  5:14  Bunker  
  56  5:15  SCV  
  56  5:18  SCV  
  58  5:26  Marine x2  
  60  5:29  SCV  
  60  5:30  SCV  
  60  5:35  Marauder  
  58  5:41  SCV  
  58  5:42  SCV  
  56  5:44  Marine x2  
  57  5:53  SCV  
  57  5:54  SCV  
  57  5:55  Barracks  
  57  5:56  Marine  
  60  6:02  Supply Depot  
  60  6:04  Supply Depot  
  60  6:05  Supply Depot  
  60  6:11  Supply Depot  
  60  6:12  Supply Depot  
  60  6:24  Refinery, Barracks Tech Lab  
  60  6:25  Marine, Siege Tank  
  62  6:26  Marine  
  62  6:28  Starport Reactor  
  63  6:37  SCV x2  
  65  6:43  Marauder  
  65  6:44  Marine  
  65  6:45  Marine x2  
  70  6:51  SCV x2  
  66  7:03  SCV  
  66  7:04  Marine x3  
  56  7:08  SCV  
  56  7:10  Marine  
  56  7:15  SCV  
  58  7:20  SCV  
  58  7:22  Marine  
  62  7:27  SCV  
Show
View Real Time Build Order
Export as new Build Order

sOs Protoss - Winner!

Build Orders: 1 Gate Expand, Blink Stalkers 

Get SALT Encoding   

  12  0:00  Probe  
  13  0:12  Probe  
  14  0:17  Pylon  
  14  0:24  Probe (Chrono Boost)  
  16  0:36  Probe (Chrono Boost)  
  16  0:37  Gateway  
  16  0:43  Probe (Chrono Boost)  
  16  0:47  Assimilator  
  17  0:51  Probe  
  18  1:03  Probe  
  19  1:15  Probe  
  20  1:25  Cybernetics Core  
  20  1:32  Nexus  
  20  1:37  Probe  
  21  1:41  Pylon  
  21  1:49  Probe  
  21  1:50  Assimilator  
  22  1:58  Adept (Chrono Boost)  
  24  2:02  Shield Battery  
  24  2:06  Probe  
  25  2:11  Warp Gate  
  25  2:18  Adept (Chrono Boost), Probe  
  28  2:30  Probe  
  29  2:41  Adept  
  29  2:43  Probe  
  32  2:47  Probe  
  32  2:51  Twilight Council  
  34  2:58  Probe (Chrono Boost)  
  34  2:59  Probe (Chrono Boost)  
  35  3:09  Robotics Facility  
  35  3:11  Probe x2 (Chrono Boost)  
  37  3:16  Probe  
  39  3:20  Probe  
  39  3:27  Blink (Chrono Boost)  
  39  3:30  Probe  
  39  3:32  Probe  
  41  3:38  Gateway  
  41  3:43  Gateway  
  41  3:44  Probe x2  
  43  3:53  Gateway  
  43  3:54  Pylon  
  43  3:57  Observer (Chrono Boost)  
  43  4:00  Stalker  
  46  4:02  Assimilator  
  46  4:12  Warp Prism, Probe x2  
  50  4:24  Probe x2  
  52  4:26  Stalker  
  52  4:28  Shield Battery  
  54  4:37  Stalker  
  54  4:47  Probe  
  54  4:49  Stalker x2  
  48  4:59  Probe (Chrono Boost)  
  50  5:00  Pylon  
  50  5:05  Probe (Chrono Boost)  
  50  5:09  Probe (Chrono Boost)  
  50  5:13  Probe (Chrono Boost)  
  52  5:14  Probe (Chrono Boost)  
  52  5:18  Pylon  
  52  5:19  Stalker x4  
  61  5:23  Pylon  
  61  5:35  Probe x2  
  55  5:43  Stalker x4  
  63  5:52  Probe x2  
  65  6:07  Stalker x4  
  65  6:09  Observer  
  74  6:11  Probe x2  
  74  6:12  Pylon  
  75  6:23  Robotics Bay  
  75  6:25  Assimilator  
  75  6:26  Probe x2  
  77  6:36  Stalker x2  
  77  6:39  Stalker  
  83  6:40  Zealot  
  85  6:49  Probe  
  85  6:51  Pylon  
  85  6:53  Pylon  
  86  7:02  Probe  
  86  7:07  Probe  
  76  7:23  Nexus  
  76  7:26  Stalker  
  76  7:27  Stalker x3  

Tags
 
Add a new tag
Caveats
  • Supply blocks, unpowered buildings, or Contaminate may cause inaccurate times.
  • Supply counts are checked every 10 seconds.